 Dungeon Crawl Stone Soup version 0.22-a0-422-g9628fc8 (webtiles) character file.

157 b5mith the Skirmisher (level 5, -4/49 HPs)
             Began as a Minotaur Berserker on May 19, 2018.
             Was a Priest of Trog.
             Slain by Crazy Yiuf
             ... wielding a +3 quarterstaff of chaos
              (7 damage)
             ... on level 2 of the Dungeon.
             The game lasted 00:03:55 (2040 turns).

b5mith the Skirmisher (Minotaur Berserker)          Turns: 2040, Time: 00:03:55

Health: -4/49      AC:  6    Str: 22    XL:     5   Next: 15%
Magic:  4/4        EV: 11    Int:  4    God:    Trog [***...]
Gold:   135        SH:  0    Dex: 10    Spells: 4/4 levels left

rFire    . . .     SeeInvis .   a - +0 mace
rCold    . . .     Gourm    +   (no shield)
rNeg     . . .     Faith    .   k - +0 ring mail
rPois    .         Spirit   .   (helmet restricted)
rElec    .         Reflect  .   (no cloak)
rCorr    .         Harm     .   (no gloves)
MR       .....                  g - +0 pair of boots
Stlth    ..........             e - amulet of the gourmand
HPRegen  0.16/turn              (no ring)
MPRegen  0.09/turn              (no ring)

@: lethally poisoned (-4 -> -29)
A: retaliatory headbutt, horns 2
a: Berserk, Trog's Hand, Renounce Religion


You were on level 2 of the Dungeon.
You worshipped Trog.
Trog was most pleased with you.
You were very full.

You visited 1 branch of the dungeon, and saw 2 of its levels.

You collected 135 gold pieces.

Inventory:

Hand Weapons
 a - a +0 mace (weapon)
 b - a +0 hunting sling
   (You found it on level 2 of the Dungeon)
Missiles
 q - 24 sling bullets
Armour
 g - a +0 pair of boots (worn)
   (You found it on level 1 of the Dungeon)
 k - a +0 ring mail (worn)
   (You found it on level 1 of the Dungeon)
 p - a +0 animal skin
Jewellery
 e - an amulet of the gourmand (around neck)
   (You found it on level 1 of the Dungeon)
Scrolls
 d - a scroll of random uselessness {unknown}
 f - 2 scrolls of magic mapping {unknown}
 i - 2 scrolls of enchant weapon {unknown}
 j - a scroll of noise {unknown}
 l - 2 scrolls of teleportation {unknown}
 n - a scroll of identify {unknown}
 o - a scroll of remove curse {unknown}
Potions
 m - a potion of lignification {unknown}
 r - a potion of curing {unknown}
Comestibles
 c - a ration


   Skills:
 + Level 5.6 Fighting
 + Level 5.6 Maces & Flails
 - Level 2.4 Armour
 - Level 2.1 Dodging


You had 4 spell levels left.
You didn't know any spells.
Your spell library was empty.

Dungeon Overview and Level Annotations

Branches:
Dungeon (2/15)

Altars:

Annotations:
D:2 Crazy Yiuf


Innate Abilities, Weirdness & Mutations

You reflexively headbutt those who attack you in melee.
You have a pair of horns on your head.


Message History

You headbutt the scorpion, but do no damage.
You hit the scorpion.
The scorpion is moderately wounded.
You feel sick. The scorpion stings you!
You barely miss the scorpion.
The scorpion is moderately wounded.
You feel sick. The scorpion barely misses you.
You hit the scorpion but do no damage.
You kill the scorpion!
Trog accepts your kill.
You have reached level 5!
You feel sick.
You feel sick.
You see here a scorpion corpse.
The scorpion corpse isn't edible.
You start resting.
You feel sick. x10
You are no longer poisoned.
You start resting.
All of the chunks of flesh in your inventory have rotted away.
HP restored.
You see here 16 stones.
There is a stone staircase leading down here.
There is a stone staircase leading up here.
Partly explored, unopened runed door.
You open the door.
Crazy Yiuf the Enlightened comes into view.
He is wielding a quarterstaff of chaos.
Crazy Yiuf shouts!
Found a mace.
Crazy Yiuf drinks a potion.
Crazy Yiuf goes berserk!
There is an open door here.
You hit Crazy Yiuf but do no damage. Crazy Yiuf completely misses you.
Crazy Yiuf barely misses you. You furiously retaliate!
You headbutt Crazy Yiuf. You thump Crazy Yiuf! Your headbutt misses Crazy Yiuf.
Crazy Yiuf is moderately wounded.
Crazy Yiuf barely misses you. You furiously retaliate!
You headbutt Crazy Yiuf. You hit Crazy Yiuf but do no damage.
You headbutt Crazy Yiuf.
Crazy Yiuf is heavily wounded.
Crazy Yiuf closely misses you.
Crazy Yiuf hits you with a quarterstaff of chaos!
Crazy Yiuf burns you.
You hit Crazy Yiuf but do no damage. Your headbutt misses Crazy Yiuf.
Crazy Yiuf is heavily wounded.
Crazy Yiuf hits you with a quarterstaff of chaos!
* * * LOW HITPOINT WARNING * * *
You are lethally poisoned!
Crazy Yiuf hits you with a quarterstaff of chaos!!
* * * LOW HITPOINT WARNING * * *
Crazy Yiuf freezes you!
You die...

...##.#.# #.# ####.#### #####.#.#
#.# #.......# # #.#.# #.#
#.#####.# # #.### ### ###.# #.#
#####.## #...# #.# .......#######
###.# #.# ...........#.### ####
#.#####.# ............#..##...#
#.......# .####......####.@g..#
######### ## ##....## ###..)#
########### #### .......#
####.#.# #.....)######### ###
...............####.#############
.................................
..#...#######.##.################


You could see Crazy Yiuf (berserk).

Vanquished Creatures
  A scorpion (D:2)
  3 adders (D:2)
  A gnoll (D:1)
  A worm (D:2)
  A dart slug (D:1)
  3 leopard geckos
  A ball python (D:1)
  4 giant cockroaches
  6 hobgoblins
  6 jackals
  2 quokkas (D:2)
  9 bats
  6 frilled lizards
  9 goblins
  6 kobolds
  6 rats
65 creatures vanquished.

Notes
Turn   | Place    | Note
-------+----------+-------------------------------------------
     0 | D:1      | b5mith the Minotaur Berserker began the quest for the Orb.
     0 | D:1      | Reached XP level 1. HP: 19/19 MP: 0/0
   146 | D:1      | Reached XP level 2. HP: 20/27 MP: 1/1
   536 | D:1      | Reached XP level 3. HP: 25/34 MP: 2/2
   652 | D:1      | Reached ** piety under Trog
  1220 | D:2      | Reached XP level 4. HP: 41/41 MP: 3/3
  1252 | D:2      | Reached skill level 5 in Fighting
  1252 | D:2      | Reached skill level 5 in Maces & Flails
  1437 | D:2      | Found a runed door.
  1639 | D:2      | Reached *** piety under Trog
  1752 | D:2      | Reached XP level 5. HP: 30/49 MP: 4/4
  2034 | D:2      | Noticed Crazy Yiuf
  2040 | D:2      | Slain by Crazy Yiuf

Vault maps used:
D:1:      minmay_arrival_hallway
D:2:      uniq_crazy_yiuf_cottage

Skill      XL: |  1  2  3  4 |
---------------+-------------+-----
Fighting       | 4 5 |  5.6
Maces & Flails | 4 5 |  5.6
Armour         | |  2.4
Dodging        | |  2.1

Action                   |  1- 3 |  4- 6 || total
-------------------------+-------+-------++-------
Melee: Mace              |    94 |    48 ||   142
       Headbutt          |    14 |    11 ||    25
 Stab: Sleeping          |     1 |       ||     1
  Eat: Chunk             |    12 |     2 ||    14
Armor: Animal skin       |    25 |       ||    25
       Ring mail         |    13 |     7 ||    20
Dodge: Dodged            |    57 |    35 ||    92

Table legend:
 A = Spawn XP
 B = Non-spawn XP
 C = Spawn XP percentage of total XP
 D = Spawn monster count
 E = Non-spawn monster count
 F = Spawn count percentage of total count
 G = Total turns spent on level
                    A         B        C        D         E        F      G
               +---------+---------+-------+---------+---------+-------+---------
         Total |       0 |     225 |   0.0 |       0 |      65 |   0.0 |  2040
               +---------+---------+-------+---------+---------+-------+---------
           D:1 |       0 |      58 |   0.0 |       0 |      28 |   0.0 |   892
           D:2 |       0 |     167 |   0.0 |       0 |      37 |   0.0 |  1148
               +---------+---------+-------+---------+---------+-------+---------
